 Dungeon Crawl Stone Soup version 0.21-a0-504-g2eda330 (webtiles) character file.

5133 vineage the Cleaver (level 10, -2/86 HPs)
             Began as a Minotaur Fighter on Nov 26, 2017.
             Slain by a hornet (7 damage)
             ... on level 8 of the Dungeon.
             The game lasted 00:09:25 (6742 turns).

vineage the Cleaver (Minotaur Fighter)              Turns: 6742, Time: 00:09:25

Health: -2/86      AC:  9    Str: 26    XL:     10   Next: 33%
Magic:  9/9        EV:  8    Int:  5    God:
Gold:   510        SH: 12    Dex: 13    Spells: 9/9 levels left

rFire    + . .     SeeInvis .   j - +2 war axe (chop)
rCold    x . .     Gourm    .   c - +1 shield
rNeg     . . .     Faith    .   b - +0 scale mail
rPois    .         Spirit   .   (helmet restricted)
rElec    .         Reflect  .   (no cloak)
rCorr    .         Harm     .   (no gloves)
MR       .....                  q - +0 pair of boots
Stlth    +.........             (no amulet)
HPRegen  0.24/turn              h - ring of stealth
MPRegen  0.11/turn              A - ring of fire

@: mighty, slowed, very slow
A: retaliatory headbutt, horns 2
a: no special abilities


You were on level 8 of the Dungeon.
You were hungry.

You visited 1 branch of the dungeon, and saw 8 of its levels.

You collected 510 gold pieces.

Inventory:

Hand Weapons
 a - a +0 war axe
 j - a +2 war axe of chopping (weapon)
Armour
 b - a +0 scale mail (worn)
 c - a +1 shield (worn)
 q - a +0 pair of boots (worn)
Jewellery
 h - a ring of stealth (left hand)
 A - a ring of fire (right hand)
Wands
 o - a wand of random effects (26)
 s - a wand of enslavement (6)
 v - a wand of clouds (7)
 w - a wand of iceblast (19)
 x - a wand of disintegration (10)
Scrolls
 g - 2 scrolls of magic mapping
 i - 2 scrolls of amnesia
 m - 5 scrolls of remove curse
 n - 5 scrolls of teleportation
 t - 2 scrolls of fog
 y - 2 scrolls of identify
 D - a scroll of blinking
Potions
 d - a potion of might
 e - 2 potions of agility
 k - 5 potions of flight
 u - a potion of brilliance {unknown}
 B - a potion of ambrosia {unknown}
 C - a potion of mutation {unknown}
Books
 l - a book of Misfortune

   Spells                             Type                      Level
   a - Confusing Touch                Hexes                        1
   b - Confuse                        Hexes                        3
   c - Gell's Gravitas                Translocation                3
   d - Petrify                        Transmutation/Earth          4
   e - Metabolic Englaciation         Hexes/Ice                    5
   f - Yara's Violent Unravelling     Hexes/Transmutation          5
 z - a book of Cantrips

   Spells                             Type                      Level
   a - Confusing Touch                Hexes                        1
   b - Animate Skeleton               Necromancy                   1
   c - Summon Small Mammal            Summoning                    1
   d - Apportation                    Translocation                1
Comestibles
 f - 4 bread rations
 p - 3 fruits


   Skills:
 + Level 7.2 Fighting
 - Level 14.9 Axes
 + Level 6.8 Armour
 + Level 5.9 Shields


You had 9 spell levels left.
You didn't know any spells.

Dungeon Overview and Level Annotations

Branches:
Dungeon (8/15)             Temple (0/1) D:7
   Lair: D:8-11

Altars:
Ashenzari
Cheibriados
Fedhas
Gozag
Hepliaklqana
Kikubaaqudgha
Nemelex Xobeh
Qazlal
Sif Muna
Trog
Xom
Zin
The Shining One

Shops:
D:4 (   D:6 (   D:8 *


Innate Abilities, Weirdness & Mutations

You reflexively headbutt those who attack you in melee.
You have a pair of horns on your head.


Message History

You are more poisoned.
The killer bee poisons you!
There is an open door here.
Sorry, you're not good enough to have a special ability.
You feel better. The killer bee closely misses you.
You block the hornet's attack. The killer bee misses you.
You furiously retaliate!
You headbutt the killer bee!
The hornet stings you but does no damage.
You block the killer bee's attack. The hornet stings you!
* * * LOW HITPOINT WARNING * * *
You feel as though you will be slow longer.
You feel very mighty all of a sudden. You block the killer bee's attack. x2
The hornet stings you but does no damage.
The killer bee barely misses you. You furiously retaliate!
You headbutt the killer bee.
You kill the killer bee!
The hornet stings you but does no damage.
You closely miss the hornet. The hornet stings you!
You die...

.#####.#. .# #... #. .# ##
##.# ###. #.###+##. #. ...#
#. ........ #. #..# ####.
##.....## #.##..# #....
##.......## #.....# #.###
#........y####....#####.###
+.(...)...@.>..............
#..>......####...######.###
##.......## ##..## #.# #
##.....## ##.#.## #.###
##...## #.###.# #.... ##'##
##.#.## ##### #.# ##.## #.
#.# #.# #. ##.##########.#
#.


You could see a hornet.

Vanquished Creatures
  2 two-headed ogres
  Pikel (D:6)
  A hippogriff (D:8)
  The ghost of tof the Twirler, an amateur DsGl (D:4)
  Menkaure (D:6)
  An orc warrior (D:6)
  4 ice beasts
  2 sky beasts (D:5)
  4 slaves (D:6)
  2 ogres (D:5)
  A necrophage (D:6)
  A centaur (D:8)
  2 big kobolds (D:7)
  A bullfrog (D:6)
  A water moccasin zombie (D:8)
  3 scorpions (D:4)
  A water moccasin skeleton (D:7)
  2 killer bees (D:8)
  2 howler monkeys (D:6)
  4 wights (D:7)
  An electric eel (D:8)
  2 bullfrog zombies (D:6)
  3 crimson imps (D:5)
  2 hounds
  A bullfrog skeleton (D:7)
  5 orc priests
  A centaur skeleton (D:5)
  12 orc wizards
  An iguana (D:4)
  6 worker ants
  8 adders
  2 shadow imps
  An ooze (D:7)
  4 worms
  An adder skeleton (D:5)
  An adder zombie (D:7)
  4 dart slugs
  5 leopard geckos
  25 orcs
  7 giant cockroaches
  2 goblins (D:3)
  9 hobgoblins
  11 jackals
  3 quokkas
  8 bats
  A giant cockroach zombie (D:5)
  19 kobolds
  A quokka zombie (D:5)
  6 rats
189 creatures vanquished.

Notes
Turn   | Place    | Note
-------+----------+-------------------------------------------
     0 | D:1      | vineage the Minotaur Fighter began the quest for the Orb.
     0 | D:1      | Reached XP level 1. HP: 19/19 MP: 0/0
    42 | D:1      | Reached skill level 3 in Axes
    81 | D:1      | Reached XP level 2. HP: 26/26 MP: 1/1
   254 | D:1      | Reached skill level 4 in Axes
   723 | D:2      | Reached XP level 3. HP: 29/31 MP: 2/2
  1103 | D:2      | Reached skill level 5 in Axes
  1108 | D:2      | Reached XP level 4. HP: 39/39 MP: 3/3
  1126 | D:2      | Found an opulent altar of Gozag.
  1127 | D:2      | Found a glowing silver altar of Zin.
  1419 | D:2      | Found a stormy altar of Qazlal.
  1528 | D:2      | Found a glowing golden altar of the Shining One.
  1597 | D:3      | Found a stormy altar of Qazlal.
  1597 | D:3      | Found a blossoming altar of Fedhas.
  1640 | D:3      | Reached skill level 6 in Axes
  1758 | D:3      | Reached XP level 5. HP: 40/45 MP: 4/4
  1892 | D:3      | Found a deep blue altar of Sif Muna.
  1969 | D:3      | Reached skill level 7 in Axes
  2029 | D:3      | Found a shimmering altar of Xom.
  2440 | D:4      | Reached XP level 6. HP: 42/51 MP: 5/5
  2499 | D:4      | Reached skill level 8 in Axes
  2672 | D:4      | Found Cepsagh's Antique Weapon Boutique.
  2673 | D:4      | Noticed tof's ghost (amateur DsGl)
  2686 | D:4      | Killed tof's ghost
  2686 | D:4      | Reached skill level 9 in Axes
  2686 | D:4      | Reached XP level 7. HP: 23/57 MP: 6/6
  3082 | D:5      | Entered Level 5 of the Dungeon
  3120 | D:5      | Reached skill level 10 in Axes
  3321 | D:5      | Reached skill level 11 in Axes
  3338 | D:5      | Reached XP level 8. HP: 26/64 MP: 7/7
  3849 | D:5      | Reached skill level 12 in Axes
  4144 | D:5      | Found a sparkling altar of Nemelex Xobeh.
  4272 | D:6      | Noticed Menkaure
  4274 | D:6      | Killed Menkaure
  4309 | D:6      | Found Tumaeps's Antique Weapon Boutique.
  4322 | D:6      | Noticed Pikel
  4337 | D:6      | Killed Pikel
  4337 | D:6      | Reached skill level 13 in Axes
  4337 | D:6      | Reached XP level 9. HP: 33/70 MP: 8/8
  4420 | D:6      | Found an ancient bone altar of Kikubaaqudgha.
  4441 | D:6      | Noticed a two-headed ogre
  4449 | D:6      | Killed a two-headed ogre
  4449 | D:6      | Reached skill level 14 in Axes
  4562 | D:6      | Found a bloodstained altar of Trog.
  5064 | D:7      | Reached skill level 5 in Fighting
  5067 | D:7      | Reached skill level 5 in Armour
  5076 | D:7      | Found a shattered altar of Ashenzari.
  5082 | D:7      | Found a snail-covered altar of Cheibriados.
  5494 | D:7      | Found a staircase to the Ecumenical Temple.
  5858 | D:7      | Reached skill level 5 in Shields
  5858 | D:7      | Reached XP level 10. HP: 61/82 MP: 9/9
  5975 | D:8      | Found a hazy altar of Hepliaklqana.
  6003 | D:8      | Found Feikhys's General Store.
  6193 | D:8      | HP: 3/84 [electric eel/bolt of electricity (8)]
  6667 | D:8      | Noticed a two-headed ogre
  6676 | D:8      | Killed a two-headed ogre
  6742 | D:8      | Slain by a hornet

Vault maps used:
D:1:      sevenhm_arrival_forest_fort_small_4
D:2:      tso_oasis_becter, grunt_temple_overflow_gold_and_silver,
          grunt_qazlal_sundering
D:3:      grunt_temple_overflow_forces_of_nature, marbit_many_paths,
          first_bread, xom_teletrap_fun
D:4:      serial_shops, shop
D:5:      lemuel_coloured_pillars_altar, minmay_a_box_with_orc_wizards_in_it
D:6:      nicolae_overflow_crystal_walls, old_standard_altar, serial_shops,
          shop, minmay_misc_feat_diagonals, uniq_pikel, uniq_menkaure
D:7:      slow_altar_1, ashenzari_altar_1, minmay_temple_entry_purple_smoke,
          minmay_misc_feat_plants
D:8:      nicolae_overflow_hidden_temple, serial_shops, shop, the_bakery,
          minivault_4

Skill      XL: |  1  2  3  4  5  6  7  8  9 10 |
---------------+-------------------------------+-----
Axes           | 3 4 5 6 7 9 11 13 14 | 14.9
Fighting       | 5 7 |  7.2
Armour         | 5 6 |  6.8
Shields        | 5 |  5.9

Action                   |  1- 3 |  4- 6 |  7- 9 | 10-12 || total
-------------------------+-------+-------+-------+-------++-------
Melee: War axe           |    71 |   152 |   220 |    53 ||   496
       Headbutt          |    10 |    26 |    40 |    10 ||    86
  Use: Scroll            |       |     9 |     6 |       ||    15
       Potion            |       |       |     3 |     4 ||     7
 Stab: Distracted        |       |       |     1 |       ||     1
  Eat: Chunk             |       |     5 |     6 |     2 ||    13
       Meat ration       |       |       |     1 |       ||     1
Armor: Scale mail        |    31 |    59 |    58 |    19 ||   167
Dodge: Dodged            |    24 |    30 |    42 |    11 ||   107
Block: Shield            |    35 |    68 |    76 |    29 ||   208

Table legend:
 A = Spawn XP
 B = Non-spawn XP
 C = Spawn XP percentage of total XP
 D = Spawn monster count
 E = Non-spawn monster count
 F = Spawn count percentage of total count
 G = Total turns spent on level
                    A         B        C        D         E        F      G
               +---------+---------+-------+---------+---------+-------+---------
         Total |       0 |    7333 |   0.0 |       0 |     185 |   0.0 |  6742
               +---------+---------+-------+---------+---------+-------+---------
           D:1 |       0 |      34 |   0.0 |       0 |      19 |   0.0 |   707
           D:2 |       0 |     109 |   0.0 |       0 |      21 |   0.0 |   890
           D:3 |       0 |     164 |   0.0 |       0 |      34 |   0.0 |   739
           D:4 |       0 |     637 |   0.0 |       0 |      19 |   0.0 |   746
           D:5 |       0 |    1072 |   0.0 |       0 |      22 |   0.0 |  1190
           D:6 |       0 |    2609 |   0.0 |       0 |      22 |   0.0 |   782
           D:7 |       0 |     913 |   0.0 |       0 |      34 |   0.0 |   921
           D:8 |       0 |    1795 |   0.0 |       0 |      14 |   0.0 |   767
               +---------+---------+-------+---------+---------+-------+---------
